Unix NetHack Version 5.0.0-0 post-release - last build May 10 2026 23:12:36 (d1fa5d53e341ca933230fdaa984d921c805b60aa,branch:main).

Game began 2026-05-14 01:41:42, ended 2026-05-14 02:20:09.

IanCurtis, chaotic male elven Wizard

                                             -
                                             .--
                                          .--..-
                                          -....
                                         --....
                                         |.....--
                                           ......
                                            -...---
                                             -[*..|--
                                             |....|.--
                                  -------------....).|
                                -#M@[.....[...^...)..|
                           |..G.....------..-----<...|
                           ----------    ----   ---.--
                                                   --
IanCurtis the Thaumaturge  St:12 Dx:16 Co:13 In:16 Wi:10 Ch:10  Chaotic
Dlvl:6  $:412 HP:0(39) Pw:31(78) AC:7  Xp:6 T:3412  Burdened

Latest messages:
 The housecat misses the gnome.
 The housecat bites the gnome.
 The gnome is killed!
 The housecat drops a bow.
 The dwarf wields a broad short sword!
 You miss the dwarf.
 You hit the dwarf.
 The dwarf thrusts her broad short sword.
 The dwarf hits!
 You hit the dwarf.
 You miss the dwarf.
 The dwarf thrusts her broad short sword.
 The dwarf hits!
 In what direction? y
 The spell hits the dwarf!
 You kill the dwarf!
 There are several objects here.
 You have a little trouble lifting $ - 18 gold pieces (412 in total).
 The housecat bites the gnome.
 The gnome is killed!
 You stop searching.
 The housecat misses the gnome.
 The housecat bites the gnome.
 The housecat bites the gnome.
 The gnome is killed!
 Your housecat eats a gnome corpse.
 You feel sluggish.
 You feel your magical energy drain away!
 You hear crashing rock.
 In what direction? h
 The spell hits the dwarf!
 You kill the dwarf!
 In what direction? h
 The spell hits the gnome!
 You kill the gnome!
 You see here an elven mithril-coat.
 There are several objects here.
 You have a little trouble lifting J - a stained spellbook.
 You have trouble lifting a pick-axe.  Continue? [ynq] (q) n
 You have a little trouble lifting P - a sprig of wolfsbane.
 The housecat picks up a stout spear.
 You stop searching.
 The dwarf mummy hits!
 In what direction? h
 The spell hits the dwarf mummy!
 The dwarf mummy resists!
 The dwarf mummy hits!
 The dwarf mummy hits!
 You die...
 Do you want your possessions identified? [ynq] (y) q

Inventory:
 Coins    ('$')
  $ - 412 gold pieces
 Weapons  (')')
  a - a blessed +1 quarterstaff (weapon in hands)
 Armor    ('[')
  B - an uncursed +0 orcish helm (being worn)
  N - a cursed -1 pair of gauntlets of fumbling named cursed
  M - an uncursed +0 pair of elven boots (being worn)
  b - an uncursed +0 cloak of magic resistance (being worn)
 Comestibles  ('%')
  w - an uncursed candy bar labeled "Wonka Bar"
  E - 2 uncursed cream pies
  Q - a cursed food ration
  O - an uncursed fortune cookie
  P - an uncursed sprig of wolfsbane
 Scrolls  ('?')
  v - a blessed scroll of confuse monster
  H - an uncursed scroll of confuse monster
  R - a cursed scroll of confuse monster
  S - an uncursed scroll of create monster
  G - a blessed scroll of enchant armor
  s - a blessed scroll of enchant weapon
  D - a cursed scroll of gold detection
  o - 2 blessed scrolls of identify
  i - 3 uncursed scrolls of identify
 Spellbooks  ('+')
  V - a cursed spellbook of confuse monster
  k - an uncursed spellbook of create monster
  t - an uncursed spellbook of create monster
  T - an uncursed spellbook of finger of death
  j - a blessed spellbook of force bolt
  I - an uncursed spellbook of light
  W - a cursed spellbook of magic missile
  J - an uncursed spellbook of remove curse
  U - a cursed spellbook of stone to flesh
 Potions  ('!')
  q - an uncursed potion of extra healing
  y - 2 uncursed potions of healing
  h - an uncursed potion of oil
  r - a potion of holy water
  f - 2 uncursed potions of water
  g - an uncursed potion of water
 Rings    ('=')
  x - an uncursed ring of cold resistance
  e - an uncursed +2 ring of gain constitution
  u - a cursed -1 ring of gain constitution
  X - a cursed +2 ring of gain strength
  d - an uncursed ring of sustain ability
  p - an uncursed ring of teleport control
 Wands    ('/')
  F - a wand of create monster (0:13)
  z - a wand of digging (0:7)
  A - a wand of digging (0:5)
  Y - a cursed wand of light (0:14)
  C - a wand of secret door detection (0:12)
  c - a wand of undead turning (0:5)
 Tools    ('(')
  n - an uncursed wooden harp
  m - an uncursed blindfold
  l - a magic marker (0:22)
  L - a blessed tallow candle
  K - an uncursed tallow candle
  Z - an uncursed tin whistle

IanCurtis the Wizard's attributes:

Background:
 You were a Thaumaturge, a level 6 male elven Wizard.
 You were chaotic, on a mission for Anhur
 who was opposed by Ptah (lawful) and Thoth (neutral).
 You were right-handed.
 You were in the Gnomish Mines, on level 6.
 You entered the dungeon 3412 turns ago.
 It was nighttime.
 You had 494 experience points, 146 more were needed to attain level 7.

Basics:
 You had 0 out of 39 hit points.
 You had 31 out of 78 energy points (spell power).
 Your armor class was 7.
 Your wallet contained 412 zorkmids.
 Autopickup was off.

Final Characteristics:
 Your strength was 12 (limit:18).
 Your dexterity was 16 (limit:18).
 Your constitution was 13 (limit:16).
 Your intelligence was 16 (limit:20).
 Your wisdom was 10 (limit:20).
 Your charisma was 10 (limit:18).

Final Status:
 You weren't hungry.
 You were burdened; movement was slightly slowed.
 You were wielding a quarterstaff.
 You had basic skill with quarterstaff.

Final Attributes:
 You were piously aligned.
 You were magic-protected.
 You were sleep resistant.
 You had infravision.
 You were stealthy.
 You were warded.
 You are dead.

Miscellaneous:
 You encountered 1 bones level.
 Total elapsed playing time was 23 minutes and 56 seconds.

Major events:
 Turn
    1: IanCurtis the chaotic male elven Wizard entered the dungeon
 1377: attained the rank of Conjurer (level 3)
 2801: entered the Gnomish Mines
 2802: attained the rank of Thaumaturge (level 6)
 3412: killed by a dwarf mummy

Spells:
 Name                 Level Category     Fail Retention
 force bolt             1   attack         0%   81%-90%
 create monster         2   clerical      60%  76%-100%
 light                  1   divination     0%  76%-100%

Skills:
 Fighting Skills
   bare handed combat [Unskilled]
   riding             [Unskilled]
 Weapon Skills
   dagger             [Unskilled]
   knife              [Unskilled]
   axe                [Unskilled]
   short sword        [Unskilled]
   club               [Unskilled]
   mace               [Unskilled]
   quarterstaff       [Basic]
   polearms           [Unskilled]
   spear              [Unskilled]
   trident            [Unskilled]
   sling              [Unskilled]
   dart               [Unskilled]
   shuriken           [Unskilled]
 Spellcasting Skills
   attack spells      [Basic]
   healing spells     [Unskilled]
   divination spells  [Unskilled]
   enchantment spells [Basic]
   clerical spells    [Unskilled]
   escape spells      [Unskilled]
   matter spells      [Unskilled]

Voluntary challenges:
 Character rerolling was not enabled.
 You never genocided any monsters.
 You never polymorphed an object.
 You never changed form.
 You used no wishes.
Achievements:
 You entered a shop.
 You attained the rank of Conjurer.
 You entered the Gnomish Mines.
 You attained the rank of Thaumaturge.

 The Dungeons of Doom: levels 1 to 7
    Level 1: "vault"
    Level 2:
       A potion shop, a fountain.
    Level 3:
    Level 4:
       Stairs down to The Gnomish Mines.
    Level 5:
       Some shops, some fountains.
    Level 6:
       A fountain.
       Final resting place for
          Drastanta-Cav-Dwa-Mal-Law, killed by a giant ant.
    Level 7:
 The Gnomish Mines: levels 5 to 6
    Level 5:
    Level 6: <- You were here.
       Final resting place for
          you, killed by a dwarf mummy.


Vanquished creatures:
  2 ghosts
  a leprechaun
  a gnome mummy
  2 human zombies
  a water nymph
  2 rock piercers
  a pony
  3 gnome leaders
  a gnomish wizard
  2 kobold mummies
  a giant ant
  a little dog
  4 dwarves
  a rothe
  a monkey
  2 iguanas
 an acid blob
  2 gas spores
  2 hobbits
  a hobgoblin
  2 giant rats
  4 cave spiders
  a yellow mold
  a red mold
 13 gnomes
  4 geckos
  5 jackals
  a kobold
  4 goblins
  3 grid bugs
  a bat
  4 lichens
  a kobold zombie
  2 newts
78 creatures vanquished.

No species were genocided or became extinct.

Game over:
                       ----------
                      /          \
                     /    REST    \
                    /      IN      \
                   /     PEACE      \
                  /                  \
                  |    IanCurtis     |
                  |      412 Au      |
                  |   killed by a    |
                  |   dwarf mummy    |
                  |                  |
                  |                  |
                  |       2026       |
                 *|     *  *  *      | *
        _________)/\\_//(\/(/\)/\//\/|_)_______

Goodbye IanCurtis the Wizard...

You died in The Gnomish Mines on dungeon level 6 with 3089 points,
and 412 pieces of gold, after 3412 moves.
You were level 6 with a maximum of 39 hit points when you died.

